cohdb
Replays
Latest Replays
All Replays
Popular Replays
Top Player Replays
Match Explorer
How It Works
Community
CoH3 Stats
Reddit
Sign in to upload your games and track your stats! →
Sign in with Steam
Match 41295199
Unlisted
Match 41295199
Overview
Messages
Build Orders
End
Pioneer Squad
Construct Infanterie Kompanie
Grenadier Squad
Selects Luftwaffe Battlegroup
Selects Luftwaffe Pioneer Support
Grenadier Squad
Selects Stuka Strafing Run
Stuka Strafing Run
Fallschirmpioneer Squad Paradrop
Construct Luftwaffe Kompanie
Medical Bunker
Stuka Strafing Run
Selects LG40 Recoilless Gun Paradrop
221 Scout Car
Flak 30 Anti-aircraft Gun Team
LG40 Recoilless Gun Paradrop
Stuka Strafing Run
Luftwaffe Officer Quarters
LG40 Recoilless Gun Paradrop
Support Elements
MG 42 Machine Gun Team
Wirbelwind Flakpanzer
Construct Panzergrenadier Kompanie
CommieKillerz
nre_nuker
dong
프릴e
I SikhWarrior I
arbiter900
[Desi]Padda69
Raedwulf
0
0
Comments
sign in to comment!
No comments posted yet!